 Dungeon Crawl Stone Soup version 0.28-a0-655-g4eb62b627b (webtiles) character file.

Game seed: 10683176569017391210

11 KoroneIsBestGirl the Chiller (level 2, -1/19 HPs)
             Began as a Barachi Ice Elementalist on Oct 12, 2021.
             Slain by a goblin (17 damage)
             ... on level 1 of the Dungeon.
             The game lasted 00:00:53 (641 turns).

KoroneIsBestGirl the Chiller (BaIE)                  Turns: 641, Time: 00:00:54

Health: -1/19      AC:  2    Str:  9    XL:     2   Next: 25%
Magic:  5/5        EV: 12    Int: 15    God:
Gold:   0          SH:  0    Dex: 12    Spells: 4/5 levels left

rFire   . . .      SeeInvis .   e - +0 dagger
rCold   . . .      Faith    .   (no shield)
rNeg    . . .      Spirit   .   a - +0 robe
rPois   .          Reflect  .   (no helmet)
rElec   .          Harm     .   (no cloak)
rCorr   .          Rampage  .   (no gloves)
Will    .....                   (no boots)
Stlth   ++........              (no amulet)
HPRegen 0.06/turn               (no ring)
MPRegen 0.09/turn               (no ring)

@: slow
A: amphibious, slowness 1, strong legs 1, +LOS
a: Hop


You were on level 1 of the Dungeon.
You visited 1 branch of the dungeon, and saw 1 of its levels.

Inventory:

Hand Weapons
 e - a +0 dagger (weapon)
Armour
 a - a +0 robe (worn)
Scrolls
 b - 2 scrolls of magic mapping {unknown}
 c - a scroll of identify {unknown}
 d - a scroll of immolation {unknown}


   Skills:
 + Level 2.4 Dodging
 - Level 1.8 Stealth
 + Level 2.4 Spellcasting
 + Level 5.2 Ice Magic


You had 4 spell levels left.
You knew the following spells:

 Your Spells              Type           Power      Damage    Failure   Level
a - Freeze                Ice            68%        1d8       2%          1

Your spell library contained the following spells:

 Spells                   Type           Power      Damage    Failure   Level
 Frozen Ramparts          Ice            34%        1d5       8%          3
 Ozocubu's Armour         Ice            17%        N/A       8%          3
 Hailstorm                Conj/Ice       9%         3d4       58%         4


Dungeon Overview and Level Annotations

Branches:
Dungeon (1/15)

Altars:


Innate Abilities, Weirdness & Mutations

You are amphibious.
You cover ground slowly.
You can hop short distances.
You have an extended range of vision and can be seen from far away.


Message History

d - a scroll labelled XIOMUA DAUTA A goblin comes into view.
It is wielding a +0 dagger.
The goblin shouts!
You hit the goblin but do no damage. The goblin hits you with a +0 dagger.
You freeze the goblin!
You kill the goblin!
You can't see any susceptible monsters within range! (Use Z to cast anyway.)
A quokka comes into view.
You see here a +0 dagger.
You see here a +0 dagger.
You hit the quokka.
The quokka is moderately wounded.
The quokka misses you.
You closely miss the quokka.
The quokka is moderately wounded.
The quokka barely misses you.
You freeze the quokka.
The quokka is almost dead.
The quokka closely misses you.
You miscast Freeze.
You are very lightly contaminated with residual magic.
Nothing appears to happen.
The quokka barely misses you. The quokka bites you.
e - a +0 dagger The quokka bites you.
You freeze the quokka!
You kill the quokka!
You can't see any susceptible monsters within range! (Use Z to cast anyway.)
You can't see any susceptible monsters within range! (Use Z to cast anyway.)
There are no items here.
e - a +0 dagger (weapon)
Your magical contamination has completely faded away.
You see here a quokka corpse.
A goblin comes into view.
It is wielding a +1 dagger of electrocution.
A goblin is nearby!
The goblin shouts!
A goblin comes into view. It is wielding a +0 dagger.
The goblin hits you with a +1 dagger of electrocution.
You are electrocuted!
Ouch! That really hurt!
You die...

#.......#
#.#####.# #.#
#.# #.# #†# #.#
#.# #.#####.#
#.......#
#.####.#####.#
#....g@......#
.............###
########.###.#
#.# #.# #.# #.#
#g# #.# ..# #.#
### #.. ###


You could see 2 goblins.

Vanquished Creatures
  2 ball pythons (D:1)
  2 hobgoblins (D:1)
  A quokka (D:1)
  2 bats (D:1)
  A frilled lizard (D:1)
  A goblin (D:1)
  2 rats (D:1)
11 creatures vanquished.

Notes
Turn   | Place    | Note
-------+----------+-------------------------------------------
     0 | D:1      | KoroneIsBestGirl the Barachi Ice Elementalist began the
                  | quest for the Orb.
     0 | D:1      | Reached XP level 1. HP: 13/13 MP: 3/3
    57 | D:1      | Reached skill level 5 in Ice Magic
   396 | D:1      | Reached XP level 2. HP: 19/19 MP: 3/5
   641 | D:1      | Slain by a goblin

Illustrated notes

Levels and vault maps discovered:
D:1:      wander_arrival_desolate, layout_loops_ring

Skill      XL: |  1 |
---------------+----+-----
Ice Magic      | 5 |  5.2
Dodging        | |  2.4
Stealth        | |  1.8
Spellcasting   | |  2.4

Action                   || total
-------------------------++-------
Melee: Unarmed           ||    11
 Cast: Freeze            ||    16
Armor: Robe              ||     9
Dodge: Dodged            ||    27

Table legend: (Time is in decaauts)
 A = Elapsed time spent in this place.
 B = Non-inter-level travel time spent in this place.
 C = Inter-level travel time spent in this place.
 D = Time resting spent in this place.
 E = Time spent auto-exploring this place.
 F = Levels seen in this place.
 G = Mean time per level.
                   A        B        C        D        E       F      G
               +--------+--------+--------+--------+--------+-----+--------+
         Total |    677 |    677 |      0 |      0 |    577 |   1 |  677.0 |
       Dungeon |    677 |    677 |      0 |      0 |    577 |   1 |  677.0 |
               +--------+--------+--------+--------+--------+-----+--------+

Top non-repeatable levels by time:
     D:1: 677 daAuts
